 Dungeon Crawl Stone Soup version 0.23.1-37-gaa34b87 (webtiles) character file.

Game seed: 4716500084252893494

132 esteth the Grasshopper (level 5, 0/64 HPs)
             Began as a Gnoll Warper on Mar 24, 2019.
             Was an Initiate of Ru.
             Slain by a white imp (5 damage)
             ... summoned by Natasha
             ... on level 3 of the Dungeon.
             The game lasted 00:07:26 (3273 turns).

esteth the Grasshopper (Gnoll Warper)               Turns: 3273, Time: 00:07:27

Health: 0/64       AC: 22    Str: 13    XL:     5   Next: 15%
Magic:  1/12       EV:  2    Int: 17    God:    Ru [......]
Gold:   123        SH:  0    Dex: 14    Spells: 8/14 levels left

rFire    . . .     SeeInvis .   A - +0 war axe
rCold    . . .     Gourm    .   (no shield)
rNeg     + + +     Faith    .   (armour currently unavailable)
rPois    +         Spirit   .   (helmet currently unavailable)
rElec    .         Reflect  .   (cloak currently unavailable)
rCorr    .         Harm     .   (gloves currently unavailable)
MR       .....     NoTele   +   (boots currently unavailable)
Stlth    ++........             (no amulet)
HPRegen  0.20/turn              (no ring)
MPRegen  0.13/turn              (no ring)

@: tree-form, shrouded
A: distributed training, strong nose
a: Renounce Religion


You were on level 3 of the Dungeon.
You worshipped Ru.
Ru was noncommittal.
You were not hungry.
You were a tree.
You visited 1 branch of the dungeon, and saw 3 of its levels.

You collected 123 gold pieces.

Inventory:

Hand Weapons
 x - a +0 falchion of distortion
 A - a +0 war axe (weapon)
Missiles
 e - 2 tomahawks of dispersal (quivered)
 o - 5 tomahawks
 u - 42 arrows
Armour
 b - a +0 leather armour (melded)
 n - a +0 pair of boots (melded)
 q - a cursed +0 chain mail
Wands
 y - a wand of polymorph (6)
Scrolls
 c - 7 scrolls of teleportation {unknown}
 d - a scroll of blinking
 i - a scroll of fear {unknown}
 j - 5 scrolls of identify {unknown}
 k - 2 scrolls of remove curse {unknown}
 l - a scroll of enchant weapon {unknown}
 m - 4 scrolls of fog {unknown}
 p - a scroll of noise {unknown}
Potions
 g - 3 potions of lignification
 h - a potion of invisibility {unknown}
 r - a potion of flight
 s - a potion of cancellation {unknown}
 t - a potion of curing
 v - a potion of agility {unknown}
 w - 3 potions of heal wounds {unknown}
Comestibles
 f - 3 rations
 z - 4 chunks of flesh


   Skills:
 + Level 4.7 Fighting
 + Level 1.3 Short Blades
 + Level 1.3 Long Blades
 + Level 4.7 Axes
 + Level 1.3 Maces & Flails
 + Level 1.3 Polearms
 + Level 1.3 Staves
 + Level 1.3 Slings
 + Level 1.3 Bows
 + Level 1.3 Crossbows
 + Level 2.9 Throwing
 + Level 2.9 Armour
 + Level 4.7 Dodging
 + Level 1.3 Stealth
 + Level 1.3 Shields
 + Level 1.3 Unarmed Combat
 + Level 5.1 Spellcasting
 + Level 1.1 Conjurations
 + Level 1.1 Hexes
 + Level 1.1 Charms
 + Level 1.1 Summonings
 + Level 1.1 Necromancy
 + Level 5.5 Translocations
 + Level 1.1 Transmutations
 + Level 1.1 Fire Magic
 + Level 1.1 Ice Magic
 + Level 1.1 Air Magic
 + Level 1.1 Earth Magic
 + Level 1.1 Poison Magic
 + Level 1.5 Invocations
 + Level 1.3 Evocations


You had 8 spell levels left.
You knew the following spells:

 Your Spells              Type           Power        Failure   Level  Hunger
a - Blink                 Tloc           N/A          2%          2    #......
b - Sticks to Snakes      Tmut           #.......     14%         2    #......
c - Shroud of Golubria    Chrm/Tloc      ###.......   5%          2    #......

Your spell library contained the following spells:

 Spells                   Type           Power        Failure   Level  Hunger
 Gell's Gravitas          Tloc           ###.......   4%          3    ###....
 Lesser Beckoning         Tloc           ###.......   4%          3    ###....
 Teleport Other           Tloc           ###.....     4%          3    ###....
 Beastly Appendage        Tmut           #.....       9%          1    None
 Passage of Golubria      Tloc           N/A          14%         4    ####...
 Spider Form              Tmut/Pois      #.........   26%         3    ###....
 Ice Form                 Ice/Tmut       #.......     65%         4    ####...
 Blade Hands              Tmut           #.........   94%         5    ######.


Dungeon Overview and Level Annotations

Branches:
Dungeon (3/15)

Altars:
Hepliaklqana
Ru
Sif Muna
Xom
Zin

Shops:
D:3 *

Annotations:
D:2 exclusion: downstairs
D:3 Natasha


Innate Abilities, Weirdness & Mutations

Your experience applies equally to all skills.
((You have very sharp teeth.))
Your uncanny sense of smell can sniff out nearby items.


Message History

The white imp gestures at you. The puff of frost hits you.
* * * LOW HITPOINT WARNING * * *
Natasha hisses angrily.
Casting: Shroud of Golubria (safe; 5% risk of failure)
Confirm with . or Enter, or press ? or * to list all spells.
You create a snake!
You now have 44 arrows.
Casting: Sticks to Snakes (safe; 14% risk of failure)
Confirm with . or Enter, or press ? or * to list all spells.
You create a snake!
You now have 43 arrows.
Natasha claws you but does no damage.
The white imp hits you but does no damage.
Casting: Sticks to Snakes (safe; 14% risk of failure)
Confirm with . or Enter, or press ? or * to list all spells.
You create a snake!
You now have 42 arrows.
Your adder bites the white imp.
The white imp is poisoned.
Your adder poisons the white imp!
Natasha claws you but does no damage. The white imp hits you.
* * * LOW HITPOINT WARNING * * *
The white imp freezes you.
You die...

.....# ....... #.......
.....# .........
##......# .....#
.....##+ ##.....#..
'#'### .....#
..#.÷...###. .#.#
#....# #.#..∩.._⌠#.
.#.# #....#
#.#.....###. ##.#
#....###.##.....#.. #.#
#####..S......##.......
##.#
#.....♣5......##(.##..#
...#
#....SSh.......#......<
####
#..........÷...#...#.#.
#....####.####.....#.#.
#..$$ #.....##...(.#.##
#....#.......#.....#.#
#... #.......#.....#+##
####....._...........)#
#.#.......#.#......#


You could see Natasha, a white imp, 2 friendly adders and a friendly ball
python.

Vanquished Creatures
  An orc wizard (D:3)
  3 adders (D:3)
  3 dart slugs
  2 leopard geckos (D:1)
  8 orcs (D:3)
  5 bats
  3 giant cockroaches (D:2)
  5 goblins
  4 hobgoblins
  2 jackals (D:2)
  10 kobolds
  A quokka (D:2)
  A ball python (D:1)
  A frilled lizard (D:1)
  7 rats
56 creatures vanquished.

Vanquished Creatures (others)
  5 toadstools (D:1)
5 creatures vanquished.

Grand Total: 61 creatures vanquished

Notes
Turn   | Place    | Note
-------+----------+-------------------------------------------
     0 | D:1      | esteth the Gnoll Warper began the quest for the Orb.
     0 | D:1      | Reached XP level 1. HP: 20/20 MP: 6/6
   155 | D:1      | Reached XP level 2. HP: 23/26 MP: 7/7
   855 | D:2      | Learned a level 2 spell: Blink
   874 | D:2      | Found a deep blue altar of Sif Muna.
   935 | D:2      | Reached XP level 3. HP: 31/31 MP: 9/9
   942 | D:2      | Reached skill level 5 in Spellcasting
  1006 | D:2      | Learned a level 2 spell: Sticks to Snakes
  1287 | D:2      | Found a sacrificial altar of Ru.
  1370 | D:2      | Became a worshipper of Ru the Awakened
  1734 | D:3      | Reached skill level 1 in Invocations
  2383 | D:3      | Reached skill level 1 in Short Blades
  2383 | D:3      | Reached skill level 1 in Long Blades
  2383 | D:3      | Reached skill level 1 in Maces & Flails
  2383 | D:3      | Reached skill level 1 in Polearms
  2383 | D:3      | Reached skill level 1 in Staves
  2383 | D:3      | Reached skill level 1 in Slings
  2383 | D:3      | Reached skill level 1 in Bows
  2383 | D:3      | Reached skill level 1 in Crossbows
  2383 | D:3      | Reached skill level 1 in Stealth
  2383 | D:3      | Reached skill level 1 in Shields
  2383 | D:3      | Reached skill level 1 in Unarmed Combat
  2383 | D:3      | Reached skill level 1 in Evocations
  2485 | D:3      | Reached XP level 4. HP: 28/38 MP: 11/11
  2623 | D:3      | Learned a level 2 spell: Shroud of Golubria
  2803 | D:3      | Reached skill level 1 in Conjurations
  2803 | D:3      | Reached skill level 1 in Hexes
  2803 | D:3      | Reached skill level 1 in Charms
  2803 | D:3      | Reached skill level 1 in Summonings
  2803 | D:3      | Reached skill level 1 in Necromancy
  2803 | D:3      | Reached skill level 1 in Transmutations
  2803 | D:3      | Reached skill level 1 in Fire Magic
  2803 | D:3      | Reached skill level 1 in Ice Magic
  2803 | D:3      | Reached skill level 1 in Air Magic
  2803 | D:3      | Reached skill level 1 in Earth Magic
  2803 | D:3      | Reached skill level 1 in Poison Magic
  2977 | D:3      | Found a shimmering altar of Xom.
  3072 | D:3      | Reached XP level 5. HP: 42/43 MP: 12/12
  3099 | D:3      | Found Zin's Purification Station.
  3103 | D:3      | Found a glowing silver altar of Zin.
  3192 | D:3      | Noticed Natasha
  3248 | D:3      | Found a hazy altar of Hepliaklqana.
  3273 | D:3      | Slain by a white imp

Skill      XL: |  1  2  3  4 |
---------------+-------------+-----
Spellcasting   | 5 |  5.1
Invocations    | 1 |  1.5
Short Blades   | 1 |  1.3
Long Blades    | 1 |  1.3
Maces & Flails | 1 |  1.3
Polearms       | 1 |  1.3
Staves         | 1 |  1.3
Slings         | 1 |  1.3
Bows           | 1 |  1.3
Crossbows      | 1 |  1.3
Stealth        | 1 |  1.3
Shields        | 1 |  1.3
Unarmed Combat | 1 |  1.3
Evocations     | 1 |  1.3
Conjurations   | 1 |  1.1
Hexes          | 1 |  1.1
Charms         | 1 |  1.1
Summonings     | 1 |  1.1
Necromancy     | 1 |  1.1
Transmutations | 1 |  1.1
Fire Magic     | 1 |  1.1
Ice Magic      | 1 |  1.1
Air Magic      | 1 |  1.1
Earth Magic    | 1 |  1.1
Poison Magic   | 1 |  1.1
Fighting       | |  4.7
Axes           | |  4.7
Throwing       | |  2.9
Armour         | |  2.9
Dodging        | |  4.7
Translocations | |  5.5

Action                   |  1- 3 |  4- 6 || total
-------------------------+-------+-------++-------
Melee: Hand axe          |   147 |    29 ||   176
       Bite              |     6 |     5 ||    11
       War axe           |       |    25 ||    25
Throw: Tomahawk          |     3 |       ||     3
 Cast: Blink             |     5 |     1 ||     6
       Shroud of Golubri |       |     5 ||     5
       Sticks to Snakes  |       |     4 ||     4
  Use: Potion            |       |     3 ||     3
  Eat: Chunk             |     2 |     2 ||     4
       Ration            |     1 |       ||     1
Armor: Leather armour    |    27 |    15 ||    42
       Skin              |       |     4 ||     4
Dodge: Dodged            |   106 |    60 ||   166
